 Dungeon Crawl Stone Soup version 0.18-a0-844-g9229740 (webtiles) character file.

351 JokEr the Poker (level 6, 0/51 HPs)
             Began as a Merfolk Skald on Dec 18, 2015.
             Slain by an ogre
             ... wielding a +0 giant club
              (10 damage)
             ... on level 4 of the Dungeon.
             The game lasted 00:19:26 (5764 turns).

JokEr the Poker (Merfolk Skald)                     Turns: 5764, Time: 00:19:26

Health: 0/51       AC: 10    Str: 14    XL:     6   Next: 61%
Magic:  8/9        EV:  6    Int: 12    God:
Gold:   157        SH:  0    Dex: 13    Spells: 1 memorised, 9 levels left

rFire  . . .     SeeInvis .     m - +0 spear
rCold  . . .     Gourm    .     h - +0 chain mail
rNeg   . . .     Faith    .     (no shield)
rPois  .         Spirit   .     i - +0 helmet
rElec  .         Dismiss  .     (no cloak)
rCorr  .         Reflect  .     s - +0 pair of gloves
SustAt .         Harm     .     (no boots)
MR     .....                    o - amulet of regeneration
Stlth  ..........               p - ring of stealth
                                f - ring of flight

@: very slightly contaminated, not resistant to hostile enchantments, extremely
unstealthy
A: change form in water, swift swim
a: Evoke Flight


You were on level 4 of the Dungeon.
You were not hungry.

You visited 1 branch of the dungeon, and saw 5 of its levels.

You collected 157 gold pieces.

Inventory:

Hand Weapons
 m - a +0 spear (weapon)
Armour
 h - a +0 chain mail (worn)
 i - a +0 helmet (worn)
 s - a +0 pair of gloves (worn)
Jewellery
 f - a ring of flight (left hand)
 o - an amulet of regeneration (around neck)
 p - a ring of stealth (right hand)
Scrolls
 a - a scroll of amnesia
 e - a scroll of remove curse
 l - 2 scrolls of magic mapping
 t - a scroll of identify
Potions
 b - 2 potions of lignification
 d - a potion of cure mutation {unknown}
 g - a potion of poison {unknown}
 j - a potion of might {unknown}
 n - a potion of flight {unknown}
 q - a potion of berserk rage {unknown}
Books
 c - a book of Battle

   Spells                             Type                      Level
   a - Infusion                       Charms                       1
   b - Shroud of Golubria             Charms/Translocation         2
   c - Song of Slaying                Charms                       2
   d - Spectral Weapon                Hexes/Charms                 3
   e - Regeneration                   Charms/Necromancy            3
Comestibles
 k - 3 meat rations
 r - a slice of pizza


   Skills:
 + Level 5.4 Fighting
 + Level 6.7 Polearms
 - Level 0.6 Armour
 - Level 1.3 Dodging
 - Level 2.6 Spellcasting
 + Level 3.3 Charms


You had 9 spell levels left.
You knew the following spells:

 Your Spells              Type           Power        Failure   Level  Hunger
a - Infusion              Chrm           #.....       99%         1    #......


Dungeon Overview and Level Annotations

Branches:
Dungeon (5/15)
 Temple: D:4-7

Altars:
Elyvilon
Fedhas
Pakellas
Qazlal

Annotations:
D:4 Blork the orc


Message History

You hit the ogre.
The ogre is lightly wounded.
The ogre hits you with a giant club!
Drink which item? (? for menu, Esc to quit)
Okay, then.
Read which item? (? for menu, Esc to quit)
Okay, then.
Casting: Infusion
Confirm with . or Enter, or press ? or * to list all spells.
You miscast Infusion.
You are very lightly contaminated with residual magic.
Strange energies run through your body.
You hit the ogre.
The ogre is moderately wounded.
The ogre hits you with a giant club!!
* * * LOW HITPOINT WARNING * * *
You barely miss the ogre.
The ogre is moderately wounded.
The ogre hits you with a giant club!
You die...

##≈......##
#...........
#.........#
#...........
#.........#
##..........
#.........#
#..........
#.........#
#..........
#.....†...#
#..........
#.........#
#..........
#########O#
#(.........
#@#
######.....
#.#
#.........
#.#
#.####....
#.# #.#
#.... #.#
#.# #####
#.# #.#
#.#######.#
#.....[...#
###########


You could see an ogre.

Vanquished Creatures
  3 orc wizards (D:4)
  2 worker ants (D:3)
  An orc priest (D:4)
  5 gnolls
  5 adders
  An ooze (D:3)
  A giant gecko (D:3)
  14 orcs
  10 bats
  6 hobgoblins
  14 jackals
  4 ball pythons
  2 giant cockroaches (D:4)
  A giant newt (D:1)
  4 goblins
  5 kobolds
  A quokka (D:2)
  6 rats
85 creatures vanquished.

Vanquished Creatures (others)
  A hungry ghost (D:3)
  2 giant geckos (D:3)
  A kobold (D:3)
4 creatures vanquished.

Grand Total: 89 creatures vanquished

Notes
Turn   | Place    | Note
--------------------------------------------------------------
     0 | D:1      | JokEr the Merfolk Skald began the quest for the Orb.
     0 | D:1      | Reached XP level 1. HP: 16/16 MP: 3/3
   299 | D:1      | Reached XP level 2. HP: 23/23 MP: 5/5
  1160 | D:2      | Reached skill level 4 in Polearms
  1160 | D:2      | Reached XP level 3. HP: 3/29 MP: 6/6
  2228 | D:3      | Reached XP level 4. HP: 7/37 MP: 7/7
  2531 | D:3      | Reached skill level 5 in Polearms
  2715 | D:3      | Found an oddly glowing altar of Pakellas.
  2715 | D:3      | Noticed a hungry ghost
  2726 | D:3      | Found a white marble altar of Elyvilon.
  2808 | D:3      | Found a blossoming altar of Fedhas.
  2884 | D:3      | Reached XP level 5. HP: 21/43 MP: 5/8
  3015 | D:3      | Found a stormy altar of Qazlal.
  3227 | D:3      | Killed a hungry ghost
  3514 | D:4      | Noticed Blork the orc
  4817 | D:4      | Reached skill level 5 in Fighting
  5282 | D:4      | Reached skill level 6 in Polearms
  5282 | D:4      | Reached XP level 6. HP: 22/51 MP: 9/9
  5289 | D:5      | Entered Level 5 of the Dungeon
  5764 | D:4      | Slain by an ogre

Vault maps used:
D:1:      saegor_arrival_simple_f
D:3:      nicolae_qazlal_general_emergency, fedhas_altar_4, elyvilon_altar_4,
          gammafunk_pakellas_cloud_experiment
D:4:      temple_hall, portal_sewer_entry_b, uniq_blork_the_orc
D:5:      nicolae_gozag_cash_rules_everything_around_me, kennysheep_mini_moat,
          first_bread, serial_shops, shop, minivault_26, grunt_ministairs_14,
          lemuel_another_geyser

Action                   |  1- 3 |  4- 6 || total
-------------------------+-------+-------++-------
Melee: Spear             |   181 |   337 ||   518
 Cast: Infusion          |       |     8 ||     8
  Use: Scroll            |     3 |     5 ||     8
       Potion            |     3 |     2 ||     5
 Stab: Sleeping          |       |     1 ||     1
  Eat: Chunk             |     4 |     8 ||    12
       Bread ration      |       |     1 ||     1
